 Dungeon Crawl Stone Soup version 0.25-a0-246-g58704a1ebd (webtiles) character file.

Game seed: 131195141555153249, levelgen mode: classic

42 Borgoz the Skirmisher (level 3, -3/23 HPs)
             Began as a Kobold Fighter on Dec 4, 2019.
             Slain by a worm (8 damage)
             ... on level 2 of the Dungeon.
             The game lasted 00:01:40 (1551 turns).

Borgoz the Skirmisher (Kobold Fighter)              Turns: 1551, Time: 00:01:41

Health: -3/23      AC:  7    Str: 14    XL:     3   Next: 77%
Magic:  3/3        EV:  8    Int:  9    God:
Gold:   98         SH:  9    Dex: 14    Spells: 2/2 levels left

rFire    . . .     SeeInvis .   a - +0 rapier
rCold    . . .     Gourm    +   c - +0 shield
rNeg     . . .     Faith    .   b - +0 scale mail
rPois    .         Spirit   .   (no helmet)
rElec    .         Reflect  .   (no cloak)
rCorr    .         Harm     .   (no gloves)
MR       .....     Clarity  +   n - +0 pair of boots
Stlth    ..........             m - amulet of the gourmand
HPRegen  0.07/turn              (no ring)
MPRegen  0.08/turn              (no ring)

@: no status effects
A: small, carnivore, clarity, deterioration 1
a: no special abilities


You were on level 2 of the Dungeon.
You were very full.

You visited 1 branch of the dungeon, and saw 2 of its levels.

You collected 98 gold pieces.

Inventory:

Hand Weapons
 a - a +0 rapier (weapon)
Armour
 b - a +0 scale mail (worn)
 c - a +0 shield (worn)
 n - a +0 pair of boots (worn)
Jewellery
 m - an amulet of the gourmand (around neck)
Scrolls
 e - a scroll of teleportation {unknown}
 h - 2 scrolls of identify {unknown}
 j - a scroll of amnesia {unknown}
 k - a scroll of enchant armour {unknown}
 l - 3 scrolls of remove curse {unknown}
 q - a scroll of noise {unknown}
Potions
 d - a potion of might
 i - a potion of curing
 o - a potion of flight {unknown}
 p - a potion of brilliance {unknown}
Comestibles
 f - 2 rations
 r - 2 chunks of flesh


   Skills:
 + Level 3.5 Fighting
 + Level 3.2 Short Blades
 * Level 2.9 Armour
 * Level 2.9 Shields


You had 2 spell levels left.
You didn't know any spells.
Your spell library was empty.

Dungeon Overview and Level Annotations

Branches:
Dungeon (2/15)

Altars:


Innate Abilities, Weirdness & Mutations

You are small and have problems with some larger weapons.
You are carnivorous and can eat meat at any time.
You possess an exceptional clarity of mind.
Your body sometimes deteriorates upon taking damage.


Message History

Okay, then.
It was a potion of mutation.
You feel extremely strange.
You feel yourself wasting away.
Your thoughts seem clearer.
It was a potion of curing.
You feel better.
Okay, then.
You are too injured to fight recklessly!
You are too injured to fight recklessly!
You hit the worm.
The worm is heavily wounded.
The worm closely misses you.
You barely miss the worm.
The worm is heavily wounded.
You hit the worm but do no damage.
The worm is heavily wounded.
The worm bites you.
* * * LOW HITPOINT WARNING * * *
You hit the worm.
The worm is severely wounded.
The worm bites you!
You die...

# #. #######
#. #.@...#
##.# #w###.#
#... #.....#
#...##.....#
#..†......(#.#
#...###....#.#
#... #h...#.#
..... #....#.#
.......
#....#.#


You could see a worm.

Vanquished Creatures
  An ooze (D:1)
  2 worms (D:2)
  2 dart slugs
  3 leopard geckos
  A ball python (D:2)
  3 goblins
  2 hobgoblins
  A jackal (D:2)
  2 kobolds
  A quokka (D:2)
  2 bats (D:1)
  2 frilled lizards (D:1)
  3 rats
25 creatures vanquished.

Notes
Turn   | Place    | Note
-------+----------+-------------------------------------------
     0 | D:1      | Borgoz the Kobold Fighter began the quest for the Orb.
     0 | D:1      | Reached XP level 1. HP: 14/14 MP: 1/1
   195 | D:1      | Reached XP level 2. HP: 16/19 MP: 2/2
   826 | D:2      | Reached XP level 3. HP: 23/23 MP: 3/3
  1546 | D:2      | Gained mutation: Your body sometimes deteriorates upon
                  | taking damage. [potion of mutation]
  1546 | D:2      | Gained mutation: You possess an exceptional clarity of
                  | mind. [potion of mutation]
  1551 | D:2      | Slain by a worm

Levels and vault maps discovered:
D:1:      dpeg_arrival_refuge, layout_basic
D:2:      layout_basic, kennysheep_generic_room_15, uniq_jessica

Skill      XL: |  1  2 |
---------------+-------+-----
Short Blades   | 3 |  3.2
Fighting       | |  3.5
Armour         | |  2.9
Shields        | |  2.9

Action                   || total
-------------------------++-------
Melee: Rapier            ||   105
  Use: Potion            ||     2
  Eat: Chunk             ||    10
Armor: Scale mail        ||    33
Dodge: Dodged            ||    27
Block: Shield            ||    30

Table legend:
 A = Non-vault XP
 B = Vault XP
 C = Vault XP percentage of total XP
 D = Non-vault monster count
 E = Vault monster count
 F = Vault count percentage of total count
                 A         B        C        D         E       F
            +---------+---------+-------+---------+---------+-------
      Total |      60 |       0 |   0.0 |      25 |       0 |   0.0
            +---------+---------+-------+---------+---------+-------
        D:1 |      27 |       0 |   0.0 |      13 |       0 |   0.0
        D:2 |      33 |       0 |   0.0 |      12 |       0 |   0.0
            +---------+---------+-------+---------+---------+-------
